 Dungeon Crawl Stone Soup version 0.30-a0-989-g0d87f670db (webtiles) character file.

Game seed: 2824744296792461495

1383 jtron the Cleaver (level 8, -1/70 HPs)
             Began as a Hill Orc Monk on Apr 3, 2023.
             Succumbed to an orc wizard's poison
             ... on level 6 of the Dungeon.
             The game lasted 00:13:12 (5014 turns).

jtron the Cleaver (Hill Orc Monk)                   Turns: 5014, Time: 00:13:12

Health: -1/70      AC:  4    Str: 16    XL:     8   Next: 67%
Magic:  17/17      EV: 14    Int: 10    God:
Gold:   279        SH:  0    Dex: 19    Spells: 7/7 levels left

rFire   . . .      SeeInvis .    a - +1 hand axe (chaos)
rCold   . . .      Faith    .    (no shield)
rNeg    + . .      Spirit   .    t - +0 robe
rPois   .          Reflect  .    (no helmet)
rElec   .          Rampage  .    d - +0 cloak
rCorr   .                        (no gloves)
Will    .....                    v - +0 pair of boots
Stlth   +++                      (no amulet)
HPRegen 0.31/turn                i - ring of Tender Moments {rN+ Dex+6}
MPRegen 0.15/turn                s - ring of magical power

@: lethally poisoned (-1 -> -13), studying Axes
A: talons 1, no potion heal 1
a: no special abilities


You were on level 6 of the Dungeon.
You visited 1 branch of the dungeon, and saw 6 of its levels.

You collected 279 gold pieces.

Inventory:

Hand Weapons
 a - a +1 hand axe of chaos (weapon)
 h - a +0 sling
Missiles
 n - 37 stones (quivered)
 o - 6 poisoned darts
Armour
 d - a +0 cloak (worn)
 t - a +0 robe (worn)
 v - a +0 pair of boots (worn)
Jewellery
 i - the ring of Tender Moments (left hand) {rN+ Dex+6}
   (You acquired it on level 2 of the Dungeon)

   [ring of dexterity]

   Dex:       It affects your dexterity (+6).
   rN:        It protects you from negative energy.
 s - a ring of magical power (right hand)
Wands
 r - a wand of flame (9)
Scrolls
 b - a scroll of teleportation
 e - 5 scrolls of fear
 u - a scroll of magic mapping
Potions
 c - a potion of ambrosia
 f - a potion of might
 g - a potion of attraction
 m - a potion of flight {unknown}
 p - a potion of mutation
 z - a potion of haste {unknown}


   Skills:
 + Level 5.7 Fighting
 + Level 11.7 Axes
 + Level 3.4 Throwing
 + Level 4.4 Dodging
 + Level 4.0 Stealth
 + Level 0.7 Evocations


You had 7 spell levels left.
You didn't know any spells.
Your spell library contained the following spells:

 Spells                   Type           Power      Damage    Failure   Level
 Beastly Appendage        Tmut           0%         N/A       36%         1
 Wereblood                Tmut           0%         N/A       50%         2
 Spider Form              Tmut/Pois      0%         N/A       75%         3


Dungeon Overview and Level Annotations

Branches:
Dungeon (6/15)
 Temple: D:4-7

Altars:
Gozag
Hepliaklqana
Trog
Zin

Shops:
D:2 *

Annotations:
D:4 Dowan, Duvessa
D:5 Blork the orc


Innate Abilities, Weirdness & Mutations

You have sharp toenails.
Potions are less effective at restoring your health.


Message History

You are more poisoned.
You slash something! You barely miss something.
You feel very sick.
You completely miss something. You miss something.
You feel very sick. Something hits you but does no damage.
Something barely misses you.
You hit something. You barely miss something.
You feel very sick.
Reactivating autopickup.
You feel a bit more experienced. Something hits you.
You are lethally poisoned!
Deactivating autopickup; reactivate with Ctrl-A.
* * * LOW HITPOINT WARNING * * *
You feel extremely sick. Something hits you but does no damage.
You are more poisoned.
Things that are here:
a +0 dagger of venom; a +0 robe; an orc corpse Your system partially rejects the healing.
You feel much better.
* * * LOW HITPOINT WARNING * * *
You feel extremely sick. Something barely misses you.
Your system partially rejects the healing.
You feel better. Something hits you.
* * * LOW HITPOINT WARNING * * *
You are poisoned.
You miss something.
You feel sick. Something hits you but does no damage.
You are more poisoned.
You closely miss something.
You feel sick.
You hit something.
You feel sick. Something hits you but does no damage.
You are more poisoned.
You barely miss something.
* * * LOW HITPOINT WARNING * * *
You feel very sick.
You hear some strange, mumbled words.
A puff of flame appears from out of thin air!
The puff of flame hits you!
* * * LOW HITPOINT WARNING * * *
You hit something.
You die...

#.#.##.##.# ... #####...
.......... ..... #...##..
.#..#..#.##.#...# #._..###
.........?.......#....#..
...............#.#....'.#
#........#.#...#.#....###
#...#............#._..#..
#<.....){........#.[.##..
..............@#.#.#.#.########
#...#.#...#.#..#.#.#.#.#.######
.. #.........................#
# #...#.#..#.###.#.#.##.#..
#...#......# #.#.#.##.#.#
#...#.#..### #.#.#.##.#..
#...#.#..# #.#.#.##.#.. # #..#
#.#.#.##.#.. .... ..#.#.##.#..


There were no monsters in sight!

Vanquished Creatures
  A guardian serpent (shapeshifter) (D:4)
  Sigmund (D:5)
  Eustachio (D:5)
  Menkaure (D:5)
  A centaur (D:5)
  2 phantoms
  A gnoll bouda (D:4)
  Jessica (D:2)
  Natasha (thrice) (D:3)
  2 orc wizards (D:6)
  4 gnolls
  3 adders
  7 worms
  5 dart slugs
  6 orcs
  9 endoplasms
  6 giant cockroaches
  5 goblins
  7 hobgoblins
  9 jackals
  6 kobolds
  A quokka (D:5)
  6 ball pythons
  7 bats
  8 frilled lizards
  3 rats
106 creatures vanquished.

Vanquished Creatures (collateral kills)
  A jelly (D:5)
  2 gnolls (D:5)
3 creatures vanquished.

Grand Total: 109 creatures vanquished

Notes
Turn   | Place    | Note
-------+----------+-------------------------------------------
     0 | D:1      | jtron the Hill Orc Monk began the quest for the Orb.
     0 | D:1      | Reached XP level 1. HP: 19/19 MP: 1/1
   113 | D:1      | Reached XP level 2. HP: 24/27 MP: 2/2
   330 | D:1      | Reached XP level 3. HP: 33/33 MP: 3/3
  1248 | D:2      | Reached XP level 4. HP: 38/40 MP: 4/4
  1415 | D:2      | Identified 3 scrolls of acquirement
  1417 | D:2      | Acquired a manual of Axes
  1419 | D:2      | Acquired the ring of Tender Moments {rN+ Dex+6}
  1529 | D:2      | Reached skill level 5 in Axes
  1646 | D:2      | Found a hazy altar of Hepliaklqana.
  1732 | D:2      | You fall into a shaft and drop 1 floor!
  1998 | D:2      | Found Feif's General Store.
  2018 | D:2      | Noticed Jessica
  2020 | D:2      | Killed Jessica
  2295 | D:3      | Noticed Natasha
  2301 | D:3      | Killed Natasha
  2302 | D:3      | Reached skill level 6 in Axes
  2302 | D:3      | Reached XP level 5. HP: 45/46 MP: 5/5
  2340 | D:3      | Noticed Natasha
  2349 | D:3      | Killed Natasha
  2444 | D:3      | Noticed Natasha
  2453 | D:3      | Killed Natasha
  2520 | D:3      | Found a bloodstained altar of Trog.
  3088 | D:4      | Noticed a phantom
  3117 | D:4      | Killed a phantom
  3118 | D:4      | Reached skill level 7 in Axes
  3118 | D:4      | Reached XP level 6. HP: 40/53 MP: 6/6
  3274 | D:4      | Reached skill level 1 in Throwing
  3423 | D:4      | Noticed Dowan
  3427 | D:4      | Noticed a black bear
  3431 | D:4      | Noticed Duvessa
  3433 | D:5      | Entered Level 5 of the Dungeon
  3684 | D:5      | Noticed Eustachio
  3760 | D:5      | Noticed Sigmund
  3784 | D:5      | Killed Sigmund
  3785 | D:5      | Reached skill level 8 in Axes
  3785 | D:5      | Reached XP level 7. HP: 56/60 MP: 7/7
  3864 | D:5      | Gained mutation: Potions are less effective at restoring
                  | your health. [potion of mutation]
  3864 | D:5      | Gained mutation: You have sharp toenails. [potion of
                  | mutation]
  3866 | D:5      | Killed Eustachio
  3867 | D:5      | Reached skill level 5 in Fighting
  3867 | D:5      | Reached skill level 9 in Axes
  4016 | D:5      | Noticed Blork the orc
  4024 | D:4      | a hound changed into a shapeshifter
  4024 | D:4      | Noticed a shapeshifter (shapeshifter)
  4024 | D:4      | a shapeshifter changed into a tarantella
  4024 | D:4      | Noticed a tarantella (shapeshifter)
  4028 | D:4      | a tarantella changed into a guardian serpent
  4028 | D:4      | Noticed a guardian serpent (shapeshifter)
  4034 | D:4      | Killed a guardian serpent
  4035 | D:4      | Reached skill level 10 in Axes
  4035 | D:4      | Reached XP level 8. HP: 24/68 MP: 8/8
  4390 | D:5      | Reached skill level 11 in Axes
  4708 | D:5      | Noticed Menkaure
  4721 | D:5      | Killed Menkaure
  4769 | D:5      | Acquired a manual of Axes
  4951 | D:6      | Found an opulent altar of Gozag.
  4951 | D:6      | Found a glowing silver altar of Zin.
  5013 | D:6      | HP: 1/70 [something/puff of flame (12)]
  5014 | D:6      | Succumbed to an orc wizard's poison

Illustrated notes

Levels and vault maps discovered:
D:1:      giann_bridges, layout_loops_cross, skrybe_limestone_x,
          minmay_octomino_e4
D:2:      layout_basic, serial_shops, nicolae_square_shop, basic_altar,
          uniq_jessica
D:3:      layout_basic, lemuel_round_altar, uniq_natasha
D:4:      layout_cave_pools, nicolae_wormholes, uniq_duvessa, uniq_ijyb
D:5:      layout_gridville, st_stairs_1, uniq_eustachio, uniq_menkaure,
          uniq_sigmund, uniq_blork_the_orc
D:6:      layout_basic, grunt_temple_overflow_gold_and_silver,
          minmay_temple_entry_poolview, amcnicky_mini_corridor_feature,
          uniq_pikel

Skill      XL: |  1  2  3  4  5  6  7  8 |
---------------+-------------------------+-----
Dodging        | 3 4 |  4.4
Fighting       | 4 5 |  5.7
Axes           | 6 7 8 10 11 | 11.7
Stealth        | 2 3 4 |  4.0
Throwing       | 1 3 |  3.4
Evocations     | |  0.7

Action                     |  1- 3 |  4- 6 |  7- 9 || total
---------------------------+-------+-------+-------++-------
  Melee: Hand axe          |   170 |   165 |    72 ||   407
         Punch             |     2 |     4 |       ||     6
  Throw: Dart              |     4 |    26 |     6 ||    36
         Stone             |       |       |     1 ||     1
  Evoke: Wand              |       |     1 |     3 ||     4
    Use: Scroll            |       |    15 |     3 ||    18
         Potion            |       |     2 |     4 ||     6
   Stab: Sleeping          |     5 |    10 |     2 ||    17
 Armour: Robe              |    44 |    22 |    34 ||   100
  Dodge: Dodged            |   118 |    80 |    66 ||   264

Table legend: (Time is in decaauts)
 A = Elapsed time spent in this place.
 B = Non-inter-level travel time spent in this place.
 C = Inter-level travel time spent in this place.
 D = Time resting spent in this place.
 E = Time spent auto-exploring this place.
 F = Levels seen in this place.
 G = Mean time per level.
                   A        B        C        D        E       F      G
               +--------+--------+--------+--------+--------+-----+--------+
         Total |   5028 |   4780 |    248 |    810 |   2829 |   6 |  838.0 |
       Dungeon |   5028 |   4780 |    248 |    810 |   2829 |   6 |  838.0 |
               +--------+--------+--------+--------+--------+-----+--------+

Top non-repeatable levels by time:
     D:5: 1319 daAuts
     D:3: 1099 daAuts
     D:1: 1059 daAuts
     D:2: 930 daAuts
     D:4: 541 daAuts
     D:6: 77 daAuts
